IL
NORFOLK TIDES @ TOLEDO MUD HENS
07/28/2047
 
TOP OF THE 1ST
Norfolk Tides batting - Pitching for Toledo Mud Hens : RHP Martin Murillo
Pitching: RHP Martin Murillo
Batting: RHB Bobby Melillo 0-0: Called Strike
0-1: Swinging Strike
0-2: Strikes out swinging
Batting: LHB Brian Feher 0-0: Called Strike
0-1: Swinging Strike
0-2: Strikes out swinging
Batting: RHB Bobby Scholl 0-0: Called Strike
0-1: Swinging Strike
0-2: Fly out, F7 (Line Drive, 7D, EV 97.5 MPH)
Top of the 1st over - 0 runs, 0 hits, 0 errors, 0 left on base; Norfolk 0 - Toledo 0
BOTTOM OF THE 1ST
Toledo Mud Hens batting - Pitching for Norfolk Tides : RHP Ferri Adam
Pitching: RHP Ferri Adam
Batting: LHB Frank McConnell 0-0: Swinging Strike
0-1: Called Strike
0-2: Foul Ball, location: 2F
0-2: Foul Ball, location: 2F
0-2: Fly out, F9 (Line Drive, 89M, EV 89.4 MPH)
Batting: RHB J.J. Basil 0-0: Ball
1-0: Ball
2-0: Foul Ball, location: 2F
2-1: Ball
3-1: Foul Ball, location: 2F
3-2: Strikes out looking
Batting: SHB Adam Weber 0-0: Ball
1-0: Ball
2-0: Ball
3-0: Called Strike
3-1: Foul Ball, location: 2F
3-2: Foul Ball, location: 2F
3-2: SINGLE (Groundball, 4M, EV 100.0 MPH)
Batting: LHB Jon Frederick 0-0: Ball
1-0: Ball
2-0: Called Strike
Pickoff Throw to First - Error! E1
Adam Weber to second
2-1: Foul Ball, location: 2F
2-2: Foul Ball, location: 2F
2-2: Foul Ball, location: 2F
2-2: Ground out 6-3 (Groundball, 6, EV 85.0 MPH)
Bottom of the 1st over - 0 runs, 1 hit, 1 error, 1 left on base; Norfolk 0 - Toledo 0
TOP OF THE 2ND
Norfolk Tides batting - Pitching for Toledo Mud Hens : RHP Martin Murillo
Batting: LHB Andrew Erens 0-0: Ball
1-0: Ball
2-0: Swinging Strike
2-1: Called Strike
2-2: Fly out, F8 (Line Drive, 8LM, EV 97.5 MPH)
Batting: LHB Tyler Allen 0-0: Ball
1-0: Swinging Strike
1-1: Foul Ball, location: 2F
1-2: Ball
2-2: SOLO HOME RUN (Flyball, 78XD, EV 98.1 MPH), Distance : 397 ft
Batting: RHB Mario Saez 0-0: Ball
1-0: Ball
2-0: Ball
3-0: Called Strike
3-1: Base on Balls
Batting: LHB Pat Shaddock 0-0: Called Strike
0-1: Ball
1-1: Foul Ball, location: 2F
1-2: Fly out, F9 (Flyball, 9LS, EV 85.6 MPH)
Batting: RHB Ashton Holloway 0-0: Called Strike
0-1: Ball
1-1: Foul Ball, location: 2F
1-2: Strikes out swinging
Top of the 2nd over - 1 run, 1 hit, 0 errors, 1 left on base; Norfolk 1 - Toledo 0
BOTTOM OF THE 2ND
Toledo Mud Hens batting - Pitching for Norfolk Tides : RHP Ferri Adam
Batting: RHB Dan Becvar 0-0: Called Strike
0-1: Ball
1-1: SINGLE (Line Drive, 4D, EV 101.9 MPH)
Batting: RHB Brandon O'Malley 0-0: Fly out, F8 (Flyball, 78D, EV 101.9 MPH)
Batting: RHB Joel Miller 0-0: Fly out, F9 (Flyball, 9, EV 96.9 MPH)
Batting: RHB Keith Hoffman 0-0: Called Strike
0-1: Swinging Strike
0-2: Ball
1-2: Foul Ball, location: 2F
1-2: Foul Ball, location: 2F
1-2: Ground out 4-3 (Groundball, 4, EV 85.0 MPH)
Bottom of the 2nd over - 0 runs, 1 hit, 0 errors, 1 left on base; Norfolk 1 - Toledo 0
TOP OF THE 3RD
Norfolk Tides batting - Pitching for Toledo Mud Hens : RHP Martin Murillo
Batting: LHB Jose Fierro 0-0: Called Strike
0-1: Fly out, F9 (Flyball, 89M, EV 88.8 MPH)
Batting: RHB Bobby Melillo 0-0: Swinging Strike
0-1: Foul Ball, location: 2F
0-2: Foul Ball, location: 2F
0-2: Foul Ball, location: 2F
0-2: Foul Ball, location: 2F
0-2: Ball
1-2: Strikes out swinging
Batting: LHB Brian Feher 0-0: Ball
1-0: Ball
2-0: Called Strike
2-1: Ball
3-1: Base on Balls
Batting: RHB Bobby Scholl 0-0: Called Strike
0-1: Ball
1-1: SINGLE (Flyball, 8RS, EV 89.4 MPH)
Brian Feher to second
Runner from 2nd tries for 3rd, SAFE, throw by CF made to third
Batting: LHB Andrew Erens 0-0: Swinging Strike
0-1: Ball
1-1: Ball
2-1: Swinging Strike
2-2: Strikes out swinging
Top of the 3rd over - 0 runs, 1 hit, 0 errors, 2 left on base; Norfolk 1 - Toledo 0
BOTTOM OF THE 3RD
Toledo Mud Hens batting - Pitching for Norfolk Tides : RHP Ferri Adam
Batting: SHB Scott Bartholomew 0-0: Foul Ball, location: 2F
0-1: Ball
1-1: Called Strike
1-2: Ball
2-2: SINGLE (Line Drive, 6MD, EV 93.8 MPH)
Batting: LHB Frank McConnell 0-0: Ball
1-0: Ball
2-0: Ball
3-0: Base on Balls
Scott Bartholomew to second
Batting: RHB J.J. Basil 0-0: Ball
1-0: Ball
2-0: Foul Ball, location: 2F
2-1: Ball
3-1: Base on Balls
Scott Bartholomew to third
Frank McConnell to second
Batting: SHB Adam Weber 0-0: Ball
1-0: Ball
2-0: Reached on error, E6 (Groundball, 6M, EV 108.8 MPH)
Scott Bartholomew scores
Frank McConnell to third
J.J. Basil to second
Batting: LHB Jon Frederick 0-0: Swinging Strike
0-1: Ball
1-1: Ball
2-1: Swinging Strike
2-2: Foul Ball, location: 2F
2-2: Foul Ball, location: 2F
2-2: Ball
3-2: Grounds into fielders choice 1-2 (Groundball, 15S, EV 75.0 MPH)
J.J. Basil to third
Adam Weber to second
Batting: RHB Dan Becvar 0-0: Fly out, F8 (Flyball, 8LD, EV 86.2 MPH)
Runner from 3rd tags up, SCORES, no throw by CF
Batting: RHB Brandon O'Malley 0-0: Ball
1-0: Ball
2-0: Fielders Choice at 2nd, 5-4 (Groundball, 56, EV 86.9 MPH)
Bottom of the 3rd over - 2 runs, 1 hit, 1 error, 2 left on base; Norfolk 1 - Toledo 2
TOP OF THE 4TH
Norfolk Tides batting - Pitching for Toledo Mud Hens : RHP Martin Murillo
Batting: LHB Tyler Allen 0-0: Ground out 5-3 (Groundball, 5, EV 100.0 MPH)
Batting: RHB Mario Saez 0-0: Called Strike
0-1: Foul Ball, location: 2F
0-2: Ball
1-2: Ball
2-2: Hit by Pitch
Batting: LHB Pat Shaddock 0-0: Ball
1-0: Ball
2-0: SINGLE (Flyball, 8LS, EV 92.5 MPH)
Mario Saez to second
Batting: RHB Ashton Holloway 0-0: Called Strike
0-1: Ball
1-1: Foul Ball, location: 2F
1-2: Ball
2-2: Ball
3-2: Strikes out swinging
Batting: LHB Jose Fierro 0-0: Ground out 4-3 (Groundball, 4, EV 88.1 MPH)
Top of the 4th over - 0 runs, 1 hit, 0 errors, 2 left on base; Norfolk 1 - Toledo 2
BOTTOM OF THE 4TH
Toledo Mud Hens batting - Pitching for Norfolk Tides : RHP Ferri Adam
Batting: RHB Joel Miller 0-0: Ball
1-0: Foul Ball, location: 2F
1-1: Ball
2-1: Foul Ball, location: 2F
2-2: Ground out 6-3 (Groundball, 6, EV 83.8 MPH)
Batting: RHB Keith Hoffman 0-0: Ball
1-0: Fly out, F4 (Popup, 4, EV 70.6 MPH)
Batting: SHB Scott Bartholomew 0-0: Called Strike
0-1: Ball
1-1: Swinging Strike
1-2: Ball
2-2: Ball
3-2: Foul Ball, location: 2F
3-2: Foul Ball, location: 2F
3-2: DOUBLE (Groundball, 5L, EV 108.8 MPH)
Batting: LHB Frank McConnell 0-0: Called Strike
0-1: Ball
1-1: Ball
2-1: Ball
3-1: DOUBLE (Line Drive, 89XD, EV 103.8 MPH)
Scott Bartholomew scores
Batting: RHB J.J. Basil 0-0: Ball
1-0: Ball
2-0: Ground out 5-3 (Groundball, 5S, EV 82.5 MPH)
Bottom of the 4th over - 1 run, 2 hits, 0 errors, 1 left on base; Norfolk 1 - Toledo 3
TOP OF THE 5TH
Norfolk Tides batting - Pitching for Toledo Mud Hens : RHP Martin Murillo
Batting: RHB Bobby Melillo 0-0: Foul Ball, location: 2F
0-1: SINGLE (Groundball, 56D, EV 100.0 MPH)
Batting: LHB Brian Feher 0-0: Ball
1-0: Called Strike
1-1: Ball
2-1: Ball
3-1: Called Strike
3-2: Ground out 5-3 (Groundball, 56, EV 101.9 MPH)
Bobby Melillo to second
Batting: RHB Bobby Scholl 0-0: Ball
1-0: Ball
2-0: Ground out 6-3 (Groundball, 6, EV 86.2 MPH)
Bobby Melillo to third
Batting: LHB Andrew Erens 0-0: Called Strike
0-1: Ball
1-1: Ball
2-1: Swinging Strike
2-2: Ball
3-2: Base on Balls
Batting: LHB Tyler Allen 0-0: Called Strike
0-1: Fly out, F7 (Flyball, 7D, EV 93.8 MPH)
Top of the 5th over - 0 runs, 1 hit, 0 errors, 2 left on base; Norfolk 1 - Toledo 3
BOTTOM OF THE 5TH
Toledo Mud Hens batting - Pitching for Norfolk Tides : RHP Ferri Adam
Batting: SHB Adam Weber 0-0: Ball
1-0: Ball
2-0: Ball
3-0: Base on Balls
Pitching: LHP Kyohei Koyama
Batting: LHB Jon Frederick 0-0: Grounds into double play, 5-4-3 (Groundball, 56, EV 76.9 MPH)
Batting: RHB Dan Becvar 0-0: Ball
1-0: Fly out, F7 (Line Drive, 78M, EV 93.1 MPH)
Bottom of the 5th over - 0 runs, 0 hits, 0 errors, 0 left on base; Norfolk 1 - Toledo 3
TOP OF THE 6TH
Norfolk Tides batting - Pitching for Toledo Mud Hens : RHP Martin Murillo
Batting: RHB Mario Saez 0-0: Ball
1-0: Ball
2-0: Called Strike
2-1: Ball
3-1: Foul Ball, location: 2F
3-2: SINGLE (Line Drive, 8LS, EV 98.1 MPH)
Batting: LHB Pat Shaddock 0-0: Called Strike
0-1: Called Strike
0-2: DOUBLE (Line Drive, 3D, EV 94.4 MPH)
Mario Saez to third
Batting: RHB Ashton Holloway 0-0: Ball
1-0: Fly out, F8 (Line Drive, 8LM, EV 101.9 MPH)
Batting: LHB Jose Fierro 0-0: Called Strike
0-1: Ball
1-1: Swinging Strike
1-2: Fly out, F7 (Flyball, 78S, EV 90.6 MPH)
Pitching: RHP Nate Mull
Batting: RHB Bobby Melillo 0-0: Called Strike
0-1: Foul Ball, location: 2F
0-2: Foul Ball, location: 2F
0-2: Ball
1-2: Strikes out swinging
Top of the 6th over - 0 runs, 2 hits, 0 errors, 2 left on base; Norfolk 1 - Toledo 3
BOTTOM OF THE 6TH
Toledo Mud Hens batting - Pitching for Norfolk Tides : LHP Kyohei Koyama
Batting: RHB Brandon O'Malley 0-0: Called Strike
0-1: Ball
1-1: Ball
2-1: Foul Ball, location: 2F
2-2: Foul Ball, location: 2F
2-2: Fly out, F8 (Flyball, 78D, EV 79.4 MPH)
Batting: RHB Joel Miller 0-0: Ball
1-0: Ball
2-0: Ball
3-0: Called Strike
3-1: Called Strike
3-2: Ground out 5-3 (Groundball, 56, EV 85.0 MPH)
Batting: RHB Keith Hoffman 0-0: Ball
1-0: Called Strike
1-1: SINGLE (Groundball, 56D, EV 96.2 MPH)
Batting: SHB Scott Bartholomew 0-0: Fly out, F7 (Flyball, 7LM, EV 93.1 MPH)
Bottom of the 6th over - 0 runs, 1 hit, 0 errors, 1 left on base; Norfolk 1 - Toledo 3
TOP OF THE 7TH
Norfolk Tides batting - Pitching for Toledo Mud Hens : RHP Nate Mull
Batting: LHB Brian Feher 0-0: Called Strike
0-1: Ground out 5-3 (Groundball, 56, EV 89.4 MPH)
Batting: RHB Bobby Scholl 0-0: Swinging Strike
0-1: Swinging Strike
0-2: Ball
1-2: Strikes out swinging
Batting: LHB Andrew Erens 0-0: Ball
1-0: Ball
2-0: Called Strike
2-1: Swinging Strike
2-2: Foul Ball, location: 2F
2-2: Hit by Pitch
Batting: LHB Tyler Allen 0-0: Called Strike
0-1: Ball
Andrew Erens steals 2nd base
1-1: Called Strike
1-2: Strikes out swinging
Top of the 7th over - 0 runs, 0 hits, 0 errors, 1 left on base; Norfolk 1 - Toledo 3
BOTTOM OF THE 7TH
Toledo Mud Hens batting - Pitching for Norfolk Tides : LHP Kyohei Koyama
Batting: LHB Frank McConnell 0-0: Ball
1-0: Foul Ball, location: 2F
1-1: SINGLE (Groundball, 4MS, EV 67.5 MPH) (infield hit)
Batting: RHB J.J. Basil 0-0: Sac Bunt to 5S - play at first, batter OUT! 5-3
Frank McConnell to second
Batting: SHB Adam Weber 0-0: Intentional Walk
Batting: LHB Jon Frederick 0-0: Ball
1-0: Fielders Choice at 2nd, 2-4 (Groundball, 15S, EV 67.5 MPH)
Frank McConnell to third
Batting: RHB Dan Becvar 0-0: Swinging Strike
0-1: Ball
1-1: Swinging Strike
1-2: Ball
2-2: Strikes out swinging
Bottom of the 7th over - 0 runs, 1 hit, 0 errors, 2 left on base; Norfolk 1 - Toledo 3
TOP OF THE 8TH
Norfolk Tides batting - Pitching for Toledo Mud Hens : RHP Nate Mull
Pitching: RHP Gordie Pierson
Batting: RHB Mario Saez 0-0: SOLO HOME RUN (Flyball, 7LD, EV 94.4 MPH), Distance : 346 ft
Batting: LHB Pat Shaddock 0-0: Called Strike
0-1: Foul Ball, location: 2F
0-2: Foul Ball, location: 2F
0-2: Strikes out swinging
Batting: RHB Ashton Holloway 0-0: Called Strike
0-1: Fly out, F8 (Flyball, 89M, EV 91.9 MPH)
Batting: LHB Jose Fierro 0-0: Foul Ball, location: 2F
0-1: Ball
1-1: Foul Ball, location: 2F
1-2: SINGLE (Groundball, 6MD, EV 103.8 MPH)
Pinch Hitting: LHB Bob Melley 0-0: Ball
1-0: Called Strike
1-1: Ball
2-1: Called Strike
2-2: Ground out 1-3 (Groundball, 15S, EV 62.5 MPH)
Top of the 8th over - 1 run, 2 hits, 0 errors, 1 left on base; Norfolk 2 - Toledo 3
BOTTOM OF THE 8TH
Toledo Mud Hens batting - Pitching for Norfolk Tides : LHP Kyohei Koyama
Now at 3B: Jon Zimmerman
Batting: RHB Brandon O'Malley 0-0: Ball
1-0: Ball
2-0: Ball
3-0: Base on Balls
Batting: RHB Joel Miller 0-0: Called Strike
0-1: Fly out, F3 (Popup, 3F, EV 73.8 MPH)
Batting: RHB Keith Hoffman 0-0: Called Strike
0-1: Ball
1-1: Foul Ball, location: 2F
1-2: Grounds into double play, 4-6-3 (Groundball, 34, EV 77.5 MPH)
Bottom of the 8th over - 0 runs, 0 hits, 0 errors, 0 left on base; Norfolk 2 - Toledo 3
TOP OF THE 9TH
Norfolk Tides batting - Pitching for Toledo Mud Hens : RHP Gordie Pierson
Batting: LHB Brian Feher 0-0: Called Strike
0-1: Swinging Strike
0-2: SINGLE (Groundball, 34D, EV 101.9 MPH)
Batting: RHB Bobby Scholl 0-0: Ball
1-0: Foul Ball, location: 2F
1-1: Called Strike
1-2: Strikes out swinging
Batting: LHB Andrew Erens 0-0: Ball
1-0: SINGLE (Groundball, 34D, EV 104.4 MPH)
Brian Feher to second
Runner from 2nd tries for 3rd, SAFE, throw by RF made to third
Batting: LHB Tyler Allen 0-0: Foul Ball, location: 2F
0-1: Called Strike
0-2: Ball
1-2: Ball
2-2: Ball
3-2: Strikes out looking
Batting: RHB Mario Saez 0-0: Called Strike
0-1: 3-RUN HOME RUN (Flyball, 7D, EV 96.2 MPH), Distance : 364 ft
Pitching: RHP Chris Haselhorst
Batting: LHB Pat Shaddock 0-0: Ball
1-0: Swinging Strike
1-1: Ball
2-1: SINGLE (Groundball, 56S, EV 72.5 MPH) (infield hit)
Pinch Runner at 1st Andy Chess:
Batting: RHB Ashton Holloway 0-0: Called Strike
0-1: Foul Ball, location: 2F
0-2: Strikes out looking
Top of the 9th over - 3 runs, 4 hits, 0 errors, 1 left on base; Norfolk 5 - Toledo 3
BOTTOM OF THE 9TH
Toledo Mud Hens batting - Pitching for Norfolk Tides : LHP Kyohei Koyama
Pitching: RHP Aaron Schneider
Now at 1B: Jose Fierro
Now at 2B: Andy Chess
Batting: SHB Scott Bartholomew 0-0: Foul Ball, location: 2F
0-1: Ground out 4-3 (Groundball, 4, EV 80.6 MPH)
Batting: LHB Frank McConnell 0-0: Ball
1-0: Ball
2-0: DOUBLE (Line Drive, 78D, EV 109.4 MPH)
Pinch Hitting: LHB Conrad Taylor 0-0: Fly out, F7 (Line Drive, 7S, EV 96.9 MPH)
Batting: SHB Adam Weber 0-0: Foul Ball, location: 2F
0-1: Ball
1-1: Ball
2-1: Foul Ball, location: 2F
2-2: Foul Ball, location: 2F
2-2: Ball
3-2: Base on Balls
Batting: LHB Jon Frederick 0-0: Ball
1-0: Ball
2-0: Called Strike
2-1: Foul Ball, location: 2F
2-2: Ball
3-2: Foul Ball, location: 2F
3-2: Foul Ball, location: 2F
3-2: Foul Ball, location: 2F
3-2: DOUBLE (Line Drive, 78XD, EV 99.4 MPH)
Frank McConnell scores
Adam Weber to third
Adam Weber scores
Batting: RHB Dan Becvar 0-0: Intentional Walk
Batting: RHB Brandon O'Malley 0-0: Ball
1-0: Called Strike
1-1: Ball
2-1: SINGLE (Line Drive, 3D, EV 108.1 MPH)
Jon Frederick to third
Dan Becvar to second
Runner from 3rd tries for Home, throw by RF and OUT! 9-2
Bottom of the 9th over - 2 runs, 3 hits, 0 errors, 2 left on base; Norfolk 5 - Toledo 5
TOP OF THE 10TH
Norfolk Tides batting - Pitching for Toledo Mud Hens : RHP Chris Haselhorst
Now at 1B: Conrad Taylor
Now in RF: Keith Hoffman
Batting: LHB Jose Fierro 0-0: Ball
1-0: SINGLE (Line Drive, 56D, EV 99.4 MPH)
Pinch Hitting: LHB Wes Goscinski 0-0: Ball
1-0: Foul Ball, location: 2F
1-1: Swinging Strike
1-2: Ball
2-2: Strikes out swinging
Batting: LHB Brian Feher 0-0: Fielders Choice at 2nd, 4-6 (Groundball, 4S, EV 85.0 MPH)
Batting: RHB Bobby Scholl 0-0: Ball
1-0: Called Strike
1-1: Ball
2-1: Fly out, F8 (Flyball, 8RD, EV 104.4 MPH)
Top of the 10th over - 0 runs, 1 hit, 0 errors, 1 left on base; Norfolk 5 - Toledo 5
BOTTOM OF THE 10TH
Toledo Mud Hens batting - Pitching for Norfolk Tides : RHP Aaron Schneider
Pitching: RHP Travis Small
Now at 1B: Wes Goscinski
Now at 3B: Jose Fierro
Batting: RHB Joel Miller 0-0: SINGLE (Line Drive, 8RS, EV 103.8 MPH)
Batting: RHB Keith Hoffman 0-0: Sac Bunt to 23 - play at first, batter OUT! 3-4
Joel Miller to second
Batting: SHB Scott Bartholomew 0-0: Ball
1-0: Swinging Strike
1-1: Ball
2-1: Called Strike
2-2: SINGLE (Groundball, 4M, EV 103.8 MPH)
Joel Miller to third
Throwing error, E8
Joel Miller scores
Bottom of the 10th over - 1 run, 2 hits, 1 error, 1 left on base; Norfolk 5 - Toledo 6
Thursday, December 15th , 2022 - OOTP Baseball 23.9 Build 102